 Dungeon Crawl Stone Soup version 0.26-a0-597-gb535b0901c (webtiles) character file.

Game seed: 11777091900699209584

6085 vurker the Frost Mage (level 10, -9/71 HPs)
             Began as an Octopode Ice Elementalist on Sept 11, 2020.
             Was a Follower of Vehumet.
             Splashed by an orc priest's acid (12 damage)
             ... on level 9 of the Dungeon.
             The game lasted 00:17:56 (13704 turns).

vurker the Frost Mage (Octopode Ice Elementalist)  Turns: 13704, Time: 00:17:57

Health: -9/71      AC: -3    Str:  8    XL:     10   Next: 88%
Magic:  16/23      EV: 13    Int: 21    God:    Vehumet [*.....]
Gold:   453        SH:  0    Dex: 12    Spells: 16/28 levels left

rFire    . . .     SeeInvis .   x - +1 dagger (venom)
rCold    . . .     Faith    .   (no shield)
rNeg     + . .     Spirit   .   (helmet restricted)
rPois    +         Reflect  .   (no amulet)
rElec    .         Harm     .   o - ring of stealth
rCorr    .                      q - ring of positive energy
MR       .....                  e - ring of poison resistance
Stlth    ++++......             w - ring of wizardry
HPRegen  0.21/turn              (no ring)
MPRegen  0.18/turn              (no ring)
                                (no ring)
                                (no ring)

@: corroded, frozen ramparts
A: almost no armour, stealthy swim, amphibious, 8 rings, constrict 8, camouflage
1, gelatinous body 1
a: Renounce Religion


You were on level 9 of the Dungeon.
You worshipped Vehumet.
Vehumet was aware of your devotion.
You visited 2 branches of the dungeon, and saw 10 of its levels.
You also visited: Ossuary.

You collected 453 gold pieces.

Inventory:

Hand Weapons
 x - a +1 dagger of venom (weapon)
   (You took it off an orc wizard on level 8 of the Dungeon)
Jewellery
 e - a ring of poison resistance (on tentacle)
   (You found it on level 5 of the Dungeon)
 o - a ring of stealth (left tentacle)
   (You found it on level 4 of the Dungeon)
 q - a ring of positive energy (right tentacle)
   (You found it on level 5 of the Dungeon)
 w - a ring of wizardry (on tentacle)
   (You found it on level 7 of the Dungeon)
Wands
 d - a wand of iceblast (6)
   (You found it on level 6 of the Dungeon)
 i - a wand of polymorph (10)
   (You found it on level 4 of the Dungeon)
 t - a wand of flame (8)
   (You took it off Natasha on level 2 of the Dungeon)
 u - a wand of paralysis (21)
   (You took it off a hobgoblin on level 3 of the Dungeon)
Scrolls
 g - 2 scrolls of amnesia
 j - 3 scrolls of remove curse
 k - 3 scrolls of enchant weapon
 l - 4 scrolls of immolation
 m - a scroll of identify
 p - a scroll of vulnerability
 v - 2 scrolls of fear
Potions
 a - 4 potions of heal wounds
 b - a potion of brilliance {unknown}
 c - 4 potions of curing
 f - 2 potions of flight
 h - 2 potions of lignification
 n - 6 potions of invisibility
 r - a potion of magic
 z - 2 potions of mutation
 B - a potion of haste {unknown}
 C - a potion of resistance


   Skills:
 + Level 7.0 Fighting
 - Level 2.0 Dodging
 - Level 2.6 Stealth
 * Level 9.6 Spellcasting
 * Level 10.9 Ice Magic


You had 16 spell levels left.
You knew the following spells:

 Your Spells              Type           Power        Failure   Level
a - Freeze                Ice            ####         1%          1
b - Frozen Ramparts       Ice            ######       1%          3
c - Hailstorm             Conj/Ice       ####....     2%          4
d - Summon Ice Beast      Ice/Summ       ####....     2%          4

Your spell library contained the following spells:

 Spells                   Type           Power        Failure   Level
 Shock                    Conj/Air       ##..         2%          1
 Ozocubu's Armour         Ice            ######..     1%          3


Dungeon Overview and Level Annotations

Branches:
Dungeon (9/15)             Temple (1/1) D:7            Lair (0/6) D:8
Ossuary (visited)
    Orc: D:9-12

Altars:
Ashenzari
Cheibriados
Dithmenos
Elyvilon
Fedhas
Gozag
Hepliaklqana
Kikubaaqudgha
Makhleb
Nemelex Xobeh
Okawaru
Qazlal
Ru
Sif Muna
Trog
Uskayaw
Vehumet
Wu Jian
Xom
Zin
The Shining One
Lugonu

Annotations:
D:4 3 runed translucent doors, p0werm0de's ghost, amateur MiFi
D:9 Erica


Innate Abilities, Weirdness & Mutations

You cannot wear most types of armour.
You are very stealthy in the water. (Stealth+)
You are amphibious.
You can wear up to eight rings at the same time.
You can use your tentacles to constrict eight enemies at once.
Your skin changes colour to match your surroundings (Stealth+).
Your rubbery body absorbs attacks. (AC +1, EV +1)


Message History

A warg comes into view.
A warg is nearby!
A warg is nearby!
Items here: ( ) [ †.
The walls around you are covered in ice.
The warg howls!
You hear a shout!
The wall freezes the warg!
Aim: a warg (moderately wounded)
You freeze the warg.
A centaur comes into view.
The wall freezes the warg.
The warg bites you!
The wall freezes the warg.
The warg misses you.
The centaur moves out of view.
Aim: a warg (heavily wounded)
You freeze the warg!
The wall freezes the warg!
You kill the warg!
Vehumet accepts your kill.
You can't see any susceptible monsters within range! (Use Z to cast anyway.)
An orc is nearby!
The orc hits you but does no damage.
You see here a warg corpse.
The frozen ramparts melt away.
You see here an orc corpse.
The walls around you are covered in ice.
The orc wizard shouts!
You hear a shout!
You hear a bark!
The wall freezes the orc!
You kill the orc!
Vehumet accepts your kill.
Items here: )) ††.
An orc wizard is nearby!
Unknown command.
The orc wizard zaps a wand.
The mass of ice explodes!
The iceblast engulfs you!
An orc priest comes into view.
It is wielding a +0 trident and carrying a wand of acid (6).
The orc priest shouts!
You hear a shout! x2
The frozen ramparts melt away.
An orc priest is nearby!
The walls around you are covered in ice.
The wall freezes the orc priest.
The orc priest zaps a wand.
The bolt of acid hits you!
* * * LOW HITPOINT WARNING * * *
The acid corrodes you!
You are splashed with acid!
* * * LOW HITPOINT WARNING * * *
The wall freezes the orc priest.
The wall freezes the orc priest.
The orc priest zaps a wand.
The bolt of acid hits you!!
* * * LOW HITPOINT WARNING * * *
You are splashed with acid!
You die...

.....###..............#.#
.....)....o.....##....#.#
...............[##....#.#
#..........##...........#
#....##.o..##...........##### ###
.....##....o...........>....##...
...(.....))...o........#o..Oh....
.........##÷############..o..<...
.........##.o...@...# #.........
)>#.#....####...###.# #.........
#...#.#....)......# #.........
#####.#.#####...#.# #.........
......#.#.......#.# #.........
#.#####.#.#####.#.# ##########
#.# ..#<# ..# ..#.# ## ##.#.#


You could see an orc priest.

Vanquished Creatures
  Joseph (D:7)
  Prince Ribbit (D:7)
  A hornet (D:7)
  2 wyverns (D:8)
  Edmund (D:5)
  2 wargs (D:9)
  Duvessa (D:5)
  5 orc warriors
  A water moccasin (D:5)
  A black bear (D:8)
  2 sky beasts
  2 ogres
  6 centaurs
  A big kobold (D:4)
  3 bullfrogs
  Dowan (D:5)
  2 water moccasin zombies (Ossuary)
  A scorpion (D:8)
  2 howler monkeys (D:6)
  A wight (D:7)
  A bullfrog zombie (D:5)
  2 quasits (D:6)
  4 hounds
  7 orc wizards
  2 jellies
  7 orc priests
  2 bullfrog skeletons
  A centaur skeleton (D:6)
  4 iguanas
  Ijyb (D:5)
  Natasha (thrice) (D:2)
  8 worker ants
  4 big kobold zombies (Ossuary)
  A hound zombie (D:5)
  2 mummies
  7 gnolls (D:4)
  9 adders
  A shadow imp (D:5)
  2 ufetubi
  An ooze (D:4)
  9 adder zombies
  2 adder skeletons (D:7)
  4 worms
  2 dart slugs
  2 leopard geckos (D:2)
  40 orcs
  2 ball pythons
  3 giant cockroaches
  2 gnoll zombies (Ossuary)
  5 goblins
  7 hobgoblins
  9 jackals
  A quokka (D:4)
  9 bats
  5 frilled lizards
  5 hobgoblin zombies (Ossuary)
  25 kobolds
  2 kobold zombies (Ossuary)
  A leopard gecko zombie (D:5)
  6 rats
247 creatures vanquished.

Vanquished Creatures (collateral kills)
  A two-headed ogre (D:8)
  Menkaure (D:7)
  A nameless horror (Ossuary)
  An ice beast (D:5)
  2 phantoms
  2 wights (D:7)
  A big kobold zombie (Ossuary)
  A mummy (Ossuary)
10 creatures vanquished.

Vanquished Creatures (others)
  A fungus (D:5)
  19 plants
20 creatures vanquished.

Grand Total: 277 creatures vanquished

Notes
Turn   | Place    | Note
-------+----------+-------------------------------------------
     0 | D:1      | vurker the Octopode Ice Elementalist began the quest for
                  | the Orb.
     0 | D:1      | Reached XP level 1. HP: 11/11 MP: 3/3
   343 | D:1      | Reached XP level 2. HP: 14/18 MP: 5/5
  1365 | D:2      | Reached XP level 3. HP: 21/22 MP: 3/6
  1420 | D:2      | Learned a level 3 spell: Frozen Ramparts
  1456 | D:2      | Noticed Natasha
  1462 | D:2      | Killed Natasha
  1462 | D:2      | Reached skill level 1 in Fighting
  1624 | D:2      | Reached XP level 4. HP: 28/28 MP: 5/8
  1628 | D:2      | Noticed Natasha
  1634 | D:2      | Killed Natasha
  1888 | D:2      | Reached XP level 5. HP: 32/34 MP: 5/9
  2078 | D:2      | Reached skill level 5 in Ice Magic
  2331 | D:2      | Noticed Natasha
  2336 | D:2      | Killed Natasha
  2478 | D:2      | Learned a level 4 spell: Hailstorm
  2506 | D:3      | You fall into a shaft and drop 1 floor!
  2531 | D:4      | Found a runed translucent gate.
  2531 | D:4      | Found a runed translucent gate.
  2533 | D:4      | Found a runed translucent gate.
  2533 | D:4      | Noticed a troll
  2636 | D:3      | Found a shattered altar of Ashenzari.
  2636 | D:3      | Found an ancient bone altar of Kikubaaqudgha.
  2637 | D:3      | Found a shadowy altar of Dithmenos.
  2637 | D:3      | Found a shimmering blue altar of Sif Muna.
  2637 | D:3      | Found a white marble altar of Elyvilon.
  2640 | D:3      | Found an ornate altar of the Wu Jian Council.
  2640 | D:3      | Found a glowing golden altar of the Shining One.
  2733 | D:3      | Found a shimmering altar of Xom.
  3332 | D:4      | Noticed p0werm0de's ghost (amateur MiFi)
  3370 | D:4      | Reached XP level 6. HP: 39/39 MP: 7/11
  3376 | D:4      | Learned a level 4 spell: Summon Ice Beast
  4062 | D:4      | Reached XP level 7. HP: 42/45 MP: 8/13
  4068 | D:4      | Reached skill level 6 in Ice Magic
  4316 | D:4      | Found a shadowy altar of Dithmenos.
  5019 | D:5      | Entered Level 5 of the Dungeon
  5177 | D:5      | Found a blossoming altar of Fedhas.
  5182 | D:5      | Found a stormy altar of Qazlal.
  5189 | D:5      | Reached skill level 5 in Spellcasting
  5357 | D:5      | Noticed Edmund
  5367 | D:5      | Killed Edmund
  5524 | D:5      | Reached XP level 8. HP: 34/52 MP: 14/16
  5631 | D:5      | Noticed Ijyb
  5640 | D:5      | Killed Ijyb
  5714 | D:5      | Reached skill level 7 in Ice Magic
  6243 | D:5      | Noticed Duvessa
  6245 | D:5      | Noticed Dowan
  6255 | D:5      | Killed Duvessa
  6263 | D:5      | Killed Dowan
  7094 | D:6      | Reached skill level 8 in Ice Magic
  7129 | D:6      | Reached XP level 9. HP: 59/59 MP: 8/19
  7635 | D:6      | Reached skill level 5 in Fighting
  8447 | D:7      | Found a sand-covered staircase.
  8550 | Ossuary  | Entered an ossuary
  9572 | D:7      | Noticed a hornet
  9580 | D:7      | Killed a hornet
  9580 | D:7      | Reached skill level 9 in Ice Magic
  9753 | D:7      | Noticed Menkaure
  9761 | D:7      | Killed Menkaure
  9994 | D:7      | Noticed Prince Ribbit
 10011 | D:7      | Noticed Joseph
 10167 | D:7      | Found a burning altar of Makhleb.
 10331 | D:7      | Killed Joseph
 10471 | D:7      | Found a staircase to the Ecumenical Temple.
 10492 | Temple   | Entered the Ecumenical Temple
 10593 | Temple   | Became a worshipper of Vehumet
 10655 | D:7      | Killed Prince Ribbit
 10655 | D:7      | Reached XP level 10. HP: 65/68 MP: 6/22
 11898 | D:8      | Reached skill level 10 in Ice Magic
 11911 | D:8      | Noticed a two-headed ogre
 11922 | D:8      | Killed a two-headed ogre
 12458 | D:8      | Reached * piety under Vehumet
 12458 | D:8      | Offered knowledge of Shock by Vehumet.
 12601 | D:8      | Found a sparkling altar of Nemelex Xobeh.
 12601 | D:8      | Found a glowing silver altar of Zin.
 13040 | D:8      | Found a staircase to the Lair.
 13132 | D:9      | Noticed Erica
 13704 | D:9      | HP: 3/71 [orc priest/bolt of acid (21)]
 13704 | D:9      | Splashed by an orc priest's acid

Illustrated notes

Levels and vault maps discovered:
D:1:      ebering_trefoil_twist, layout_rooms, serial_forest,
          infiniplex_forest_lined_4_way, infiniplex_forest_clump_diagonal,
          infiniplex_forest_corner_1, infiniplex_forest_clump_curved,
          infiniplex_forest_lined_2, infiniplex_forest_clump_long,
          infiniplex_forest_clump_medium, infiniplex_forest_end_2
D:2:      layout_loops_corners, uniq_natasha
D:3:      layout_loops_ring, grunt_temple_overflow_open, minmay_parallelograms,
          kennysheep_generic_room_15
D:4:      kennysheep_kobold_camp, layout_loops_ring, gammafunk_ghost_split,
          grunt_dithmenos_smoke
D:5:      layout_gridville, grunt_temple_overflow_forces_of_nature,
          ebering_dispersal_statue_hall, uniq_duvessa, uniq_ijyb, uniq_edmund
D:6:      layout_loops_cross
D:7:      layout_loops_corners, minmay_temple_entry_mini_moons,
          gup_ossuary_entry_pyramid, basic_altar, nicolae_benzene_ring,
          uniq_joseph, uniq_menkaure, uniq_prince_ribbit1
D:8:      layout_loops_ring, chequers_temple_overflow_statue_of_worship,
          lair_entry_dummy
D:9:      layout_basic, lemuel_zombie_altar_yredelemnul, erik_orc_4, uniq_erica
Temple:   kb_corrupted_temple

Skill      XL: |  1  2  3  4  5  6  7  8  9 10 |
---------------+-------------------------------+-----
Fighting       | 1 2 3 4 6 7 |  7.0
Spellcasting   | 3 4 5 6 8 9 |  9.6
Ice Magic      | 5 6 8 9 10 | 10.9
Dodging        | |  2.0
Stealth        | |  2.6

Action                   |  1- 3 |  4- 6 |  7- 9 | 10-12 || total
-------------------------+-------+-------+-------+-------++-------
Melee: Unarmed           |    35 |       |       |       ||    35
       Constrict         |    12 |    13 |    45 |    15 ||    85
       Tentacles         |     3 |     7 |    37 |     6 ||    53
       Dagger            |     9 |    41 |   251 |    60 ||   361
 Cast: Freeze            |    20 |    24 |    31 |    34 ||   109
       Frozen Ramparts   |       |    16 |    34 |    29 ||    79
       Summon Ice Beast  |       |       |    17 |     7 ||    24
       Hailstorm         |       |       |    19 |     9 ||    28
Evoke: Wand              |       |       |     5 |       ||     5
  Use: Potion            |       |       |     2 |       ||     2
       Scroll            |       |       |    19 |     5 ||    24
 Stab: Sleeping          |     3 |     6 |    17 |     1 ||    27
       Distracted        |       |     1 |     2 |       ||     3
Armor: Skin              |     8 |     4 |    10 |     5 ||    27
Dodge: Dodged            |    51 |    37 |   186 |    81 ||   355

Table legend: (Time is in decaauts)
 A = Elapsed time spent in this place.
 B = Non-inter-level travel time spent in this place.
 C = Inter-level travel time spent in this place.
 D = Time resting spent in this place.
 E = Time spent auto-exploring this place.
 F = Levels seen in this place.
 G = Mean time per level.
                   A        B        C        D        E       F      G
               +--------+--------+--------+--------+--------+-----+--------+
         Total |  13720 |  13329 |    391 |    244 |  11260 |  11 | 1247.3 |
       Dungeon |  12644 |  12294 |    350 |    244 |  10405 |   9 | 1404.9 |
        Temple |    120 |     79 |     41 |      0 |     77 |   1 |  120.0 |
       Ossuary |    955 |    955 |      0 |      0 |    778 |   1 |  955.0 |
               +--------+--------+--------+--------+--------+-----+--------+

Top non-repeatable levels by time:
     D:7: 2311 daAuts
     D:5: 2060 daAuts
     D:8: 1625 daAuts
     D:4: 1595 daAuts
     D:1: 1334 daAuts
     D:6: 1309 daAuts
     D:2: 1161 daAuts
 Ossuary: 955 daAuts
     D:3: 945 daAuts
     D:9: 300 daAuts
  Temple: 120 daAuts
